 Dungeon Crawl Stone Soup version 0.27.0-1-g7a089689b8 (webtiles) character file.

Game seed: 15938764257026479239

151 MajorAdolf the Chiller (level 5, -1/44 HPs)
             Began as a Naga Wanderer on Aug 12, 2021.
             Slain by a goblin (2 damage)
             ... led by Robin
             ... on level 3 of the Dungeon.
             The game lasted 00:05:47 (2910 turns).

MajorAdolf the Chiller (Naga Wanderer)              Turns: 2910, Time: 00:05:48

Health: -1/44      AC:  2    Str: 12    XL:     5   Next: 33%
Magic:  8/8        EV:  6    Int: 20    God:
Gold:   82         SH:  7    Dex:  6    Spells: 7/8 levels left

rFire    + . .     SeeInvis +   i - +2 dagger (speed)
rCold    + . .     Faith    .   c - +0 kite shield
rNeg     . . .     Spirit   .   b - +0 robe
rPois    +         Reflect  .   (no helmet)
rElec    +         Harm     .   (no cloak)
rCorr    +         Rampage  .   (no gloves)
Will     .....                  (no barding)
Stlth    ++........             (no amulet)
HPRegen  0.14/turn              (no ring)
MPRegen  0.11/turn              (no ring)

@: brilliant, resistant, very slow
A: AC +1, large, see invisible, deformed body, poison resistance, slowness 2,
spit poison 1, naga tail 1
a: Spit Poison


You were on level 3 of the Dungeon.
You visited 1 branch of the dungeon, and saw 3 of its levels.

You collected 82 gold pieces.

Inventory:

Hand Weapons
 e - a +0 dagger
 g - a +1 dagger of holy wrath
 i - a +2 dagger of speed (weapon)
 j - a +3 short sword
Armour
 b - a +0 robe (worn)
 c - a +0 kite shield (worn)
Scrolls
 a - 3 scrolls of identify {unknown}
 k - a scroll of enchant armour {unknown}
Potions
 h - a potion of cancellation {unknown}


   Skills:
 + Level 1.6 Fighting
 + Level 4.0 Stealth
 + Level 1.7 Shields
 + Level 2.3 Spellcasting
 - Level 1.0 Conjurations
 - Level 2.0 Hexes
 + Level 4.6 Ice Magic


You had 7 spell levels left.
You knew the following spells:

 Your Spells              Type           Power      Damage    Failure   Level
a - Freeze                Ice            100%       1d11      11%         1

Your spell library contained the following spells:

 Spells                   Type           Power      Damage    Failure   Level
 Ozocubu's Armour         Ice            31%        N/A       32%         3
 Sting                    Tmut/Pois      12%        1d3       58%         1
 Spider Form              Tmut/Pois      1%         N/A       91%         3


Dungeon Overview and Level Annotations

Branches:
Dungeon (3/15)

Altars:

Annotations:
D:3 Robin


Innate Abilities, Weirdness & Mutations

Your serpentine skin is tough. (AC +1)
You have supernaturally acute eyesight. (SInv)
Armour fits poorly on your strangely shaped body.
Your system is resistant to poisons. (rPois)
You cover ground very slowly.
You can spit poison.
You have a snake-like lower body.


Message History

The goblin is heavily wounded.
The goblin hits you with a +0 dagger. The goblin hits you but does no damage.
You closely miss the goblin.
The goblin is heavily wounded.
You block the goblin's attack.
A goblin comes into view. It is wielding a +0 club.
You hit the goblin.
You kill the goblin!
The goblin hits you with a +0 dagger. The goblin hits you with a +0 dagger.
Robin says, "Kneel, worm!"
Robin throws the goblin at you! The goblin hits you with a +0 dagger.
You see here a +0 dagger.
You hit the goblin.
You kill the goblin!
The goblin hits you with a +0 dagger.
* * * LOW HITPOINT WARNING * * *
Robin throws the goblin at you!
* * * LOW HITPOINT WARNING * * *
The goblin barely misses you.
Things that are here:
a +0 dagger; a goblin corpse You barely miss the goblin.
You block the goblin's attack. The goblin hits you with a +0 club.
* * * LOW HITPOINT WARNING * * *
You closely miss the goblin. The goblin hits you but does no damage.
You block the goblin's attack.
Unknown command.
It was a potion of brilliance.
You feel clever all of a sudden.
The goblin no longer looks unusually strong.
The goblin hits you with a +0 dagger.
* * * LOW HITPOINT WARNING * * *
The goblin hits you with a +0 club.
* * * LOW HITPOINT WARNING * * *
It was a potion of resistance.
You feel protected.
The hobgoblin no longer looks unusually strong.
The goblin hits you with a +0 dagger.
You die...

### ##############
#.###.............
#...#......#######
#.#.#.<......#
#.#.#.####.#.#
#g#.#.# #<.#.#
#@#.#.# #..#.#
#g#.#.###.....
#g#.......>....
#g###.######.....
#.# #.#..########
#.# #.#...^....$.
#.# #.##.########
#.# #....# #.#
######


You could see Robin, a hobgoblin and 2 goblins.

Vanquished Creatures
  A phantom (D:2)
  2 adders
  2 worms (D:2)
  3 dart slugs
  An endoplasm (D:2)
  9 goblins
  A hobgoblin (D:2)
  5 quokkas
  7 ball pythons
  A bat (D:1)
  2 frilled lizards
  5 kobolds
  9 rats
48 creatures vanquished.

Notes
Turn   | Place    | Note
-------+----------+-------------------------------------------
     0 | D:1      | MajorAdolf the Naga Wanderer began the quest for the Orb.
     0 | D:1      | MajorAdolf set off with the following items: a +0 club, a
                  | +0 robe, a +0 kite shield; and the following spells
                  | available to memorise: Freeze, Sting, Ozocubu's Armour,
                  | Spider Form
     0 | D:1      | Reached XP level 1. HP: 15/15 MP: 2/2
     3 | D:1      | Learned a level 1 spell: Freeze
   537 | D:1      | Reached XP level 2. HP: 22/22 MP: 3/3
  1030 | D:1      | Found a faded altar of an unknown god.
  1130 | D:1      | Reached XP level 3. HP: 26/30 MP: 2/5
  1971 | D:2      | Noticed a phantom
  2012 | D:2      | Reached skill level 1 in Fighting
  2012 | D:2      | Reached XP level 4. HP: 34/38 MP: 3/6
  2343 | D:2      | Killed a phantom
  2344 | D:2      | Reached XP level 5. HP: 17/44 MP: 6/8
  2894 | D:3      | Noticed Robin
  2909 | D:3      | HP: 1/44 [goblin[Robin] (4)]
  2910 | D:3      | Slain by a goblin

Illustrated notes

Levels and vault maps discovered:
D:1:      minmay_arrival_split_and_join, layout_basic,
          dilly_ecumenical_altar_fadedgnrine, chequers_jeans
D:2:      layout_rooms
D:3:      layout_basic, nicolae_yredelemnul_corpse_copse, uniq_robin

Skill      XL: |  1  2  3  4 |
---------------+-------------+-----
Stealth        | 2 3 4 |  4.0
Fighting       | 1 |  1.6
Spellcasting   | 2 |  2.3
Shields        | |  1.7
Conjurations   | |  1.0
Hexes          | |  2.0
Ice Magic      | |  4.6

Action                   |  1- 3 |  4- 6 || total
-------------------------+-------+-------++-------
Melee: Dagger            |    14 |    42 ||    56
       Short sword       |       |    20 ||    20
 Cast: Freeze            |    45 |     3 ||    48
 Abil: Spit Poison       |    13 |     2 ||    15
  Use: Potion            |       |     3 ||     3
 Stab: Sleeping          |       |     2 ||     2
Armor: Robe              |     7 |     6 ||    13
       Skin              |       |     8 ||     8
Dodge: Dodged            |    18 |     9 ||    27
Block: Kite shield       |    17 |    17 ||    34
